Atomiques vs Monarchs

Created - March 22, 2020 at 19:28

Goals
1 2 3 T
Atomiques 2 3 1 6
Monarchs 3 3 1 7
Shots
1 2 3 T
Atomiques 17 14 6 37
Monarchs 13 20 9 42

1st period

1. Atomiques , Corey Tropp 22 (Oscar Sundqvist 31) at 4:56
2. Monarchs , Anthony Mantha 18 (Nathan MacKinnon 23, JT Compher 20) at 11:43 (PP)
3. Atomiques , William Nylander 10 (Nick Schmaltz 14) at 13:47
4. Monarchs , JT Compher 17 (Nathan MacKinnon 24, Griffin Reinhart 31) at 15:12 (PP)
5. Monarchs , Nathan MacKinnon 12 (Tim Schaller 45) at 15:40

Penalties :
Dustin Kohn (STB) for Hooking (Minor) at 11:30, Corey Tropp (STB) for Interference (Minor) at 15:01, Travis Sanheim (STB) for Interference (Minor) at 19:29

2nd period

6. Monarchs , Nathan MacKinnon 13 (Anthony Mantha 17) at 0:04 (PP)
7. Atomiques , Kerby Rychel 10 (Nick Schmaltz 15) at 5:59
8. Atomiques , Oscar Sundqvist 24 (Jonathan Huberdeau 40, Corey Tropp 20) at 6:15
9. Monarchs , Nathan MacKinnon 14 (Anthony Mantha 18) at 8:08 (PP)
10. Atomiques , Jordan Schmaltz 4 (Nick Schmaltz 16) at 11:12
11. Monarchs , Martin Frk 24 (Brayden Point 22) at 15:19

Penalties :
Kerby Rychel (STB) for Roughing (Minor) at 7:56, Dustin Kohn (STB) for Tripping (Minor) at 19:06

3rd period

12. Atomiques , Corey Tropp 23 (Jonathan Huberdeau 41, Travis Sanheim 33) at 0:34
13. Monarchs , Martin Frk 25 (Brendan Lemieux 17, Aaron Ekblad 26) at 18:50

Penalties :
Nathan MacKinnon (MAN) for Cross-checking (Minor) at 0:24, Dalton Smith (STB) for Tripping (Minor) at 6:40, Michael Chaput (STB) for Tripping (Minor) at 13:00

Goalie Stats

Connor Hellebyuk (STB), 10 saves from 14 shots - (0.714), 20:04 minutes
Thatcher Demko (STB), 25 saves from 28 shots - (0.893), L, 0-9-0, 38:58 minutes
Eric Comrie (MAN), 31 saves from 37 shots - (0.838), W, 22-17-1, 60:00 minutes

Players Stats for Atomiques

Player Name              G  A  P  +/- PIM S  H  SB GA TA FO     MP     PP MP  PK MP  
------------------------------------------------------------------------------------
Bobby Farnham            0  0  0   0  0   1  0  0  0  0  0/0     9:06   0:05   0:00 
Colby Cohen              0  0  0   1  0   1  1  0  0  1  0/0    14:10   0:00   2:27 
Corey Tropp              2  1  3   3  2   3  0  0  0  0  1/2    18:15   0:31   0:00 
Dalton Smith             0  0  0   0  2   1  1  0  0  0  0/0     7:30   0:00   0:00 
Dustin Kohn              0  0  0  -1  4   5  2  3  0  0  0/0    27:55   0:59   2:39 
Eric Mestery             0  0  0   1  0   0  0  0  0  2  0/0    11:56   0:00   1:21 
Freddie Hamilton         0  0  0   0  0   1  1  0  0  0  0/2     7:38   0:00   0:27 
Jacob De La Rose         0  0  0  -1  0   0  0  1  0  0  1/2    14:24   0:00   4:13 
Jonathan Huberdeau       0  2  2   3  0   6  2  0  2  1  3/5    20:40   0:31   0:55 
Jordan Schmaltz          1  0  1   3  0   3  1  1  0  0  0/0    20:54   0:24   4:00 
Kerby Rychel             1  0  1   1  2   3  4  0  1  0  0/0    15:36   0:42   0:00 
Matt Tennyson            0  0  0   2  0   2  1  0  0  0  0/0    19:44   0:37   2:27 
Max Friberg              0  0  0  -1  0   0  1  0  1  0  1/1    11:45   0:05   1:19 
Michael Chaput           0  0  0  -1  2   2  0  0  0  1  4/10   10:58   0:00   0:42 
Nick Schmaltz            0  3  3   1  0   1  2  1  0  3  9/15   17:16   0:42   1:16 
Oscar Sundqvist          1  1  2   2  0   2  3  1  0  0  9/35   23:24   0:31   4:02 
Travis Sanheim           0  1  1   0  2   0  1  1  0  1  0/0    25:23   0:41   0:00 
William Nylander         1  0  1   1  0   6  3  0  1  0  1/2    16:11   0:42   0:00 

Players Stats for Monarchs

Player Name              G  A  P  +/- PIM S  H  SB GA TA FO     MP     PP MP  PK MP  
------------------------------------------------------------------------------------
Aaron Ekblad             0  1  1   0  0   2  0  0  1  0  0/0    23:11   4:47   0:22 
Anthony Mantha           1  2  3  -3  0   2  3  0  1  0  2/2    19:20   4:13   0:10 
Brayden Point            0  1  1   0  0   1  1  1  0  0  10/16  15:32   2:11   0:02 
Brendan Lemieux          0  1  1   0  0   3  3  0  0  0  0/0    15:20   2:11   0:00 
Craig Smith              0  0  0   0  0   1  0  0  0  0  0/0     1:53   0:03   0:46 
Curtis Lazar             0  0  0   0  0   1  0  0  0  0  2/2     7:28   0:00   0:00 
Griffin Reinhart         0  1  1   0  0   2  0  0  1  1  0/0    16:48   1:40   0:28 
Jeff Petry               0  0  0   0  0   0  0  0  0  2  0/0    15:08   0:00   0:28 
John Draeger             0  0  0   0  0   0  0  1  0  0  0/0     5:14   0:00   0:48 
JT Compher               1  1  2  -2  0   4  0  0  0  0  1/1    17:17   4:10   0:00 
Mark Pysyk               0  0  0  -4  0   1  0  0  1  0  0/0    17:22   0:00   0:28 
Martin Frk               2  0  2   0  0   8  2  0  1  0  0/2    13:06   0:00   0:00 
Michael Latta            0  0  0  -3  0   0  4  0  0  1  6/18   16:18   0:06   0:22 
Michael McCarron         0  0  0   0  0   0  0  0  0  0  0/0     7:28   0:00   0:00 
Mike Reilly              0  0  0   0  0   2  0  0  0  0  0/0     3:17   0:00   0:00 
Morgan Rielly            0  0  0   1  0   1  2  2  1  1  0/0    18:45   1:40   0:00 
Nathan MacKinnon         3  2  5   0  2   9  1  1  0  0  24/33  19:50   4:12   0:00 
Nicolas Deslauriers      0  0  0   0  0   1  0  0  2  0  0/0     9:24   0:00   0:46 
Oliver Bjorkstrand       0  0  0   0  0   1  0  0  0  0  0/0    17:51   2:11   0:00 
Tim Schaller             0  1  1   0  0   3  4  0  1  0  0/0    17:13   0:03   0:30 
Tony DeAngelo            0  0  0  -3  0   0  0  0  0  0  0/0    20:15   4:47   0:02 

3 Stars

1 - Nathan MacKinnon (MAN)
2 - Corey Tropp (STB)
3 - Martin Frk (MAN)

Power Play

Atomiques - 0 on 1 Attempt(s) - 0.00%
Monarchs - 4 on 7 Attempt(s) - 57.14%

Penalty Kill

Atomiques - 3 on 7 Attempt(s) - 42.86% - Score 0 goal in Penalty Kill
Monarchs - 1 on 1 Attempt(s) - 100.00% - Score 0 goal in Penalty Kill

Team Stat

Atomiques - Hits : 23 - Faceoff Wins : 29 - Blocked Shots : 8 - Penalty Minutes : 14
Monarchs - Hits : 20 - Faceoff Wins : 45 - Blocked Shots : 5 - Penalty Minutes : 2

Official

Referees : Unknown
Linesman : Unknown

Game Notes

Thatcher Demko enters game at 0:04 of 2nd period
Nathan MacKinnon has scored a Hat Trick!

Finance

Level 1 -- Attendance: 1875 (93.75%) -- Ticket Income $46,875
Level 2 -- Attendance: 1000 (100.00%) -- Ticket Income $10,000
Total Attendance: 2875 (95.83%)
Total Ticket Income: $56,875
Other Income: $2,844
Total Income: $59,719

Atomiques

5 vs 5 Forward 
   Center                   Left Wing                Right Wing               Time % Phy DF OF 
 1 Oscar Sundqvist          Jonathan Huberdeau       Corey Tropp              40     1   2  2  
 2 Nick Schmaltz            Kerby Rychel             William Nylander         30     1   2  2  
 3 Michael Chaput           Jacob De La Rose         Max Friberg              20     1   2  2  
 4 Freddie Hamilton         Dalton Smith             Bobby Farnham            10     1   2  2  

5 vs 5 Defense 
   Defense                  Defense                                           Time % Phy DF OF 
 1 Dustin Kohn              Travis Sanheim                                    40     1   2  2  
 2 Matt Tennyson            Jordan Schmaltz                                   30     1   2  2  
 3 Colby Cohen              Eric Mestery                                      20     1   2  2  
 4 Dustin Kohn              Travis Sanheim                                    10     1   2  2  

PowerPlay Forward 
   Center                   Left Wing                Right Wing               Time % Phy DF OF 
 1 Oscar Sundqvist          Jonathan Huberdeau       Corey Tropp              60     1   2  2  
 2 Nick Schmaltz            Kerby Rychel             William Nylander         40     1   2  2  

PowerPlay Defense
   Defense                  Defense                                           Time % Phy DF OF 
 1 Dustin Kohn              Travis Sanheim                                    60     1   2  2  
 2 Matt Tennyson            Jordan Schmaltz                                   40     1   2  2  

Penalty Kill 4 Players Forward 
   Center                   Wing                     Time % Phy DF OF 
 1 Oscar Sundqvist          Jacob De La Rose         60     1   2  2  
 2 Michael Chaput           Max Friberg              40     1   2  2  

Penalty Kill 4 Players Defense
   Defense                  Defense                  Time % Phy DF OF 
 1 Dustin Kohn              Jordan Schmaltz          60     1   2  2  
 2 Matt Tennyson            Colby Cohen              40     1   2  2  

Penalty Kill - 3 Players Forward 
   Forward                                           Time % Phy DF OF 
 1 Oscar Sundqvist                                   60     1   2  2  
 2 Jacob De La Rose                                  40     1   2  2  

Penalty Kill - 3 Players Defense
   Defense                  Defense                  Time % Phy DF OF 
 1 Dustin Kohn              Jordan Schmaltz          60     1   2  2  
 2 Matt Tennyson            Colby Cohen              40     1   2  2  

4 vs 4 Forward 
   Center                   Wing                     Time % Phy DF OF 
 1 Jonathan Huberdeau       Corey Tropp              60     1   2  2  
 2 Oscar Sundqvist          William Nylander         40     1   2  2  

4 vs 4 Defense
   Defense                  Defense                  Time % Phy DF OF 
 1 Dustin Kohn              Travis Sanheim           60     1   2  2  
 2 Matt Tennyson            Jordan Schmaltz          40     1   2  2  

Last Minutes Offensive
   Center                   Left Wing                Right Wing               Defense                  Defense                  
   Oscar Sundqvist          Jonathan Huberdeau       William Nylander         Matt Tennyson            Travis Sanheim           

Last Minutes Defensive
   Center                   Left Wing                Right Wing               Defense                  Defense                  
   Oscar Sundqvist          Jacob De La Rose         Corey Tropp              Dustin Kohn              Jordan Schmaltz          

Goaltenders
Starting : Connor Hellebyuk         
Backup : Thatcher Demko           

Extra Forwards
Normal : Bobby Farnham, William Nylander, Nick Schmaltz - PP : Bobby Farnham, William Nylander - PK : Nick Schmaltz
Extra Defensemen
Normal : Jordan Schmaltz, Colby Cohen, Eric Mestery - PP : Matt Tennyson - PK : Jordan Schmaltz, Eric Mestery
Penalty Shots
Jonathan Huberdeau, Corey Tropp, Max Friberg, Oscar Sundqvist, Bobby Farnham

Scratches
Mike Halmo (Healthy), Max McCormick (Healthy), Connor Clifton (Healthy), Joseph Cramarossa (Healthy), Carl Dahlstrom (Healthy)
Anthony Nigro (Healthy), Nicolas Aube-Kubel (Healthy), Axel Holmstrom (Healthy), Keegan Iverson (Healthy), Aaron Haydon (Healthy)

Monarchs

5 vs 5 Forward 
   Center                   Left Wing                Right Wing               Time % Phy DF OF 
 1 Nathan MacKinnon         Tim Schaller             Oliver Bjorkstrand       35     1   2  2  
 2 Michael Latta            JT Compher               Anthony Mantha           30     1   2  2  
 3 Brayden Point            Brendan Lemieux          Martin Frk               25     1   2  2  
 4 Curtis Lazar             Nicolas Deslauriers      Michael McCarron         10     1   2  2  

5 vs 5 Defense 
   Defense                  Defense                                           Time % Phy DF OF 
 1 Morgan Rielly            Aaron Ekblad                                      35     1   2  2  
 2 Mark Pysyk               Tony DeAngelo                                     35     1   2  2  
 3 Jeff Petry               Griffin Reinhart                                  30     1   2  2  
 4 Mike Reilly              John Draeger                                      0      1   2  2  

PowerPlay Forward 
   Center                   Left Wing                Right Wing               Time % Phy DF OF 
 1 Nathan MacKinnon         JT Compher               Anthony Mantha           60     1   2  2  
 2 Brayden Point            Brendan Lemieux          Oliver Bjorkstrand       40     1   2  2  

PowerPlay Defense
   Defense                  Defense                                           Time % Phy DF OF 
 1 Aaron Ekblad             Tony DeAngelo                                     60     1   2  2  
 2 Griffin Reinhart         Morgan Rielly                                     40     1   2  2  

Penalty Kill 4 Players Forward 
   Center                   Wing                     Time % Phy DF OF 
 1 Craig Smith              Nicolas Deslauriers      60     1   2  2  
 2 Michael Latta            Tim Schaller             40     1   2  2  

Penalty Kill 4 Players Defense
   Defense                  Defense                  Time % Phy DF OF 
 1 John Draeger             Mark Pysyk               60     1   2  2  
 2 John Draeger             Aaron Ekblad             40     1   2  2  

Penalty Kill - 3 Players Forward 
   Forward                                           Time % Phy DF OF 
 1 Craig Smith                                       60     1   3  1  
 2 Tim Schaller                                      40     1   3  1  

Penalty Kill - 3 Players Defense
   Defense                  Defense                  Time % Phy DF OF 
 1 John Draeger             Mark Pysyk               60     1   4  0  
 2 Aaron Ekblad             Jeff Petry               40     1   4  0  

4 vs 4 Forward 
   Center                   Wing                     Time % Phy DF OF 
 1 Nathan MacKinnon         Anthony Mantha           60     1   2  2  
 2 Michael Latta            Oliver Bjorkstrand       40     1   2  2  

4 vs 4 Defense
   Defense                  Defense                  Time % Phy DF OF 
 1 Aaron Ekblad             Mark Pysyk               60     1   2  2  
 2 Jeff Petry               Griffin Reinhart         40     1   2  2  

Last Minutes Offensive
   Center                   Left Wing                Right Wing               Defense                  Defense                  
   Nathan MacKinnon         Tim Schaller             Anthony Mantha           Aaron Ekblad             Morgan Rielly            

Last Minutes Defensive
   Center                   Left Wing                Right Wing               Defense                  Defense                  
   Michael Latta            Nicolas Deslauriers      Anthony Mantha           Mark Pysyk               John Draeger             

Goaltenders
Starting : Eric Comrie              
Backup : Jason Missiaen           

Extra Forwards
Normal : Nathan MacKinnon, Michael Latta, Brayden Point - PP : Michael Latta, Tim Schaller - PK : Anthony Mantha
Extra Defensemen
Normal : Mark Pysyk, Aaron Ekblad, Morgan Rielly - PP : Mike Reilly - PK : Tony DeAngelo, Griffin Reinhart
Penalty Shots
Anthony Mantha, Craig Smith, JT Compher, Michael Latta, Oliver Bjorkstrand

Scratches
Cedric Paquette (Healthy), Joel Vermin (Healthy), Artturi Lehkonen (Healthy), Anthony Peluso (Healthy), Gustav Forsling (Healthy)
Chase De Leo (Healthy), Kaapo Kahkonen (Healthy)

% Time on Ice - Atomiques

Lines # - Real PCT - Wanted PCT - Time Play
Normal Forward
1 - 36% - 40% - 18:02
2 - 30% - 30% - 15:01
3 - 20% - 20% - 10:11
4 - 14% - 10% - 7:11
Normal Defense
1 - 40% - 40% - 19:59
2 - 31% - 30% - 15:31
3 - 21% - 20% - 10:35
4 - 9% - 10% - 4:20
PP Forward
1 - 46% - 60% - 0:36
2 - 54% - 40% - 0:42
PP Defense
1 - 100% - 60% - 1:18
2 - 0% - 40% - 0:00
PK Forward
1 - 80% - 60% - 5:08
2 - 20% - 40% - 1:19
PK Defense
1 - 62% - 60% - 4:00
2 - 38% - 40% - 2:27
PK3 Forward
1 - 0% - 60%
2 - 0% - 40%
PK3 Defense
1 - 0% - 60%
2 - 0% - 40%
44 Forward
1 - 100% - 60% - 0:41
2 - 0% - 40% - 0:00
44 Defense
1 - 100% - 60% - 0:41
2 - 0% - 40% - 0:00
Last Minute Offensive  - 1:09
Last Minute Defensive  - 0:00
Total
Forward - 60:00
Defense - 60:00

% Time on Ice - Monarchs

Lines # - Real PCT - Wanted PCT - Time Play
Normal Forward
1 - 31% - 35% - 15:38
2 - 28% - 30% - 14:13
3 - 26% - 25% - 13:06
4 - 15% - 10% - 7:28
Normal Defense
1 - 35% - 35% - 17:25
2 - 30% - 35% - 15:06
3 - 29% - 30% - 14:37
4 - 7% - 0% - 3:17
PP Forward
1 - 66% - 60% - 4:16
2 - 34% - 40% - 2:11
PP Defense
1 - 74% - 60% - 4:47
2 - 26% - 40% - 1:40
PK Forward
1 - 100% - 60% - 1:18
2 - 0% - 40% - 0:00
PK Defense
1 - 36% - 60% - 0:28
2 - 64% - 40% - 0:50
PK3 Forward
1 - 0% - 60%
2 - 0% - 40%
PK3 Defense
1 - 0% - 60%
2 - 0% - 40%
44 Forward
1 - 100% - 60% - 0:41
2 - 0% - 40% - 0:00
44 Defense
1 - 93% - 60% - 0:38
2 - 7% - 40% - 0:03
Last Minute Offensive  - 0:00
Last Minute Defensive  - 1:09
Total
Forward - 60:00
Defense - 60:00

Play-by-Play

1st period


0:01 of 1st period - Oscar Sundqvist wins face-off versus Nathan MacKinnon in neutral zone.
0:14 of 1st period - Snap shot by Corey Tropp.
0:14 of 1st period - Deflect By Oscar Sundqvist.
0:14 of 1st period - Shot Blocked by Morgan Rielly.
0:14 of 1st period - Puck is out of play.
0:15 of 1st period - Nick Schmaltz wins face-off versus Michael Latta in Monarchs zone.
0:16 of 1st period - Snap shot by William Nylander.
0:16 of 1st period - Stopped by Eric Comrie with a rebound.
0:20 of 1st period - Snap shot by William Nylander.
0:20 of 1st period - Stopped by Eric Comrie without a rebound.
0:21 of 1st period - Nick Schmaltz wins face-off versus Michael Latta in Monarchs zone.
0:26 of 1st period - Snap shot by William Nylander.
0:26 of 1st period - Stopped by Eric Comrie with a rebound.
0:28 of 1st period - Snap shot by William Nylander.
0:28 of 1st period - Shot Misses the Net.
0:30 of 1st period - Snap shot by William Nylander.
0:30 of 1st period - Shot Misses the Net.
0:39 of 1st period - Icing by Michael Latta.
0:40 of 1st period - Michael Chaput wins face-off versus Michael Latta in Monarchs zone.
0:58 of 1st period - Off-side.
0:59 of 1st period - Corey Tropp wins face-off versus Brayden Point in neutral zone.
1:29 of 1st period - Bobby Farnham is hit by Tim Schaller and loses puck.
2:04 of 1st period - Jeff Petry is hit by Jordan Schmaltz.
2:34 of 1st period - Snap shot by Dalton Smith.
2:34 of 1st period - Shot Misses the Net.
2:46 of 1st period - Snap shot by Dalton Smith.
2:46 of 1st period - Shot Misses the Net.
3:42 of 1st period - Snap shot by Michael Chaput.
3:42 of 1st period - Stopped by Eric Comrie with a rebound.
4:44 of 1st period - Slapshot by Nathan MacKinnon.
4:44 of 1st period - Stopped by Connor Hellebyuk with a rebound.
4:46 of 1st period - Slapshot by Mike Reilly.
4:46 of 1st period - Stopped by Connor Hellebyuk with a rebound.
4:48 of 1st period - Slapshot by Mike Reilly.
4:48 of 1st period - Stopped by Connor Hellebyuk with a rebound.
4:50 of 1st period - Snap shot by Oliver Bjorkstrand.
4:50 of 1st period - Stopped by Connor Hellebyuk without a rebound.
4:51 of 1st period - Oscar Sundqvist wins face-off versus Brayden Point in Atomiques zone.
4:56 of 1st period - Slapshot by Corey Tropp.
4:56 of 1st period - Goal by Corey Tropp - Atomiques : 1 - Monarchs : 0.
4:57 of 1st period - Brayden Point wins face-off versus Oscar Sundqvist in neutral zone.
5:05 of 1st period - Snap shot by Oscar Sundqvist.
5:05 of 1st period - Shot Misses the Net.
5:07 of 1st period - Slapshot by Dustin Kohn.
5:07 of 1st period - Stopped by Eric Comrie without a rebound.
5:08 of 1st period - Oscar Sundqvist wins face-off versus Martin Frk in Monarchs zone.
5:19 of 1st period - Oscar Sundqvist is hit by Brayden Point and loses puck.
7:14 of 1st period - Off-side.
7:15 of 1st period - Michael Chaput wins face-off versus Nathan MacKinnon in neutral zone.
7:24 of 1st period - Slapshot by Michael Chaput.
7:24 of 1st period - Stopped by Eric Comrie without a rebound.
7:25 of 1st period - Nathan MacKinnon wins face-off versus Corey Tropp in Monarchs zone.
7:25 of 1st period - Nathan MacKinnon is hit by Oscar Sundqvist.
8:13 of 1st period - Eric Mestery is hit by Brendan Lemieux and loses puck.
8:18 of 1st period - Snap shot by Brendan Lemieux.
8:18 of 1st period - Stopped by Connor Hellebyuk without a rebound.
8:19 of 1st period - Oscar Sundqvist wins face-off versus Nathan MacKinnon in Atomiques zone.
8:53 of 1st period - Wrist shot by William Nylander.
8:53 of 1st period - Stopped by Eric Comrie without a rebound.
8:54 of 1st period - Nick Schmaltz wins face-off versus Brayden Point in Monarchs zone.
8:55 of 1st period - Slapshot by Dustin Kohn.
8:55 of 1st period - Stopped by Eric Comrie without a rebound.
8:56 of 1st period - William Nylander wins face-off versus Brayden Point in Monarchs zone.
9:11 of 1st period - Brendan Lemieux is hit by Kerby Rychel and loses puck.
9:44 of 1st period - Slapshot by Oscar Sundqvist.
9:44 of 1st period - Deflect By Jacob De La Rose.
9:44 of 1st period - Shot Misses the Net.
9:44 of 1st period - Puck is out of play.
9:45 of 1st period - Max Friberg wins face-off versus Michael Latta in Monarchs zone.
10:20 of 1st period - Slapshot by Tim Schaller.
10:20 of 1st period - Shot Blocked by Jordan Schmaltz.
11:18 of 1st period - Wrist shot by Max Friberg.
11:18 of 1st period - Deflect By Michael Chaput.
11:18 of 1st period - Shot Misses the Net.
11:18 of 1st period - Puck is out of play.
11:19 of 1st period - Nathan MacKinnon wins face-off versus Oscar Sundqvist in Monarchs zone.
11:19 of 1st period - Nathan MacKinnon is hit by Oscar Sundqvist.
11:25 of 1st period - Wrist shot by Jonathan Huberdeau.
11:25 of 1st period - Shot Misses the Net.
11:30 of 1st period - Minor Penalty to Dustin Kohn for Hooking.
11:31 of 1st period - Jacob De La Rose wins face-off versus Nathan MacKinnon in Atomiques zone.
11:41 of 1st period - Wrist shot by JT Compher.
11:41 of 1st period - Shot Misses the Net.
11:43 of 1st period - Snap shot by Nathan MacKinnon.
11:43 of 1st period - Deflect By Anthony Mantha.
11:43 of 1st period - Goal by Anthony Mantha - Atomiques : 1 - Monarchs : 1.
11:44 of 1st period - Brayden Point wins face-off versus Oscar Sundqvist in neutral zone.
12:16 of 1st period - Nathan MacKinnon is hit by Nick Schmaltz and loses puck.
12:29 of 1st period - Backhand shot by JT Compher.
12:29 of 1st period - Shot Misses the Net.
12:32 of 1st period - Icing by Max Friberg.
12:33 of 1st period - Anthony Mantha wins face-off versus Michael Chaput in Atomiques zone.
13:13 of 1st period - Off-side.
13:14 of 1st period - Nathan MacKinnon wins face-off versus Oscar Sundqvist in neutral zone.
13:45 of 1st period - Wrist shot by William Nylander.
13:45 of 1st period - Stopped by Eric Comrie without a rebound.
13:46 of 1st period - Nick Schmaltz wins face-off versus Brayden Point in Monarchs zone.
13:47 of 1st period - Slapshot by William Nylander.
13:47 of 1st period - Goal by William Nylander - Atomiques : 2 - Monarchs : 1.
13:48 of 1st period - Jonathan Huberdeau wins face-off versus Martin Frk in neutral zone.
13:55 of 1st period - Slapshot by Oscar Sundqvist.
13:55 of 1st period - Deflect By Corey Tropp.
13:55 of 1st period - Stopped by Eric Comrie with a rebound.
14:01 of 1st period - Corey Tropp is hit by Brendan Lemieux and loses puck.
14:56 of 1st period - Wrist shot by Martin Frk.
14:56 of 1st period - Stopped by Connor Hellebyuk with a rebound.
15:01 of 1st period - Minor Penalty to Corey Tropp for Interference.
15:02 of 1st period - Nick Schmaltz wins face-off versus Nathan MacKinnon in Atomiques zone.
15:12 of 1st period - Slapshot by JT Compher.
15:12 of 1st period - Goal by JT Compher - Atomiques : 2 - Monarchs : 2.
15:13 of 1st period - Nick Schmaltz wins face-off versus Nathan MacKinnon in neutral zone.
15:16 of 1st period - Wrist shot by William Nylander.
15:16 of 1st period - Shot Misses the Net.
15:18 of 1st period - Snap shot by Kerby Rychel.
15:18 of 1st period - Shot Misses the Net.
15:20 of 1st period - Wrist shot by Dustin Kohn.
15:20 of 1st period - Stopped by Eric Comrie with a rebound.
15:22 of 1st period - Slapshot by Nick Schmaltz.
15:22 of 1st period - Stopped by Eric Comrie without a rebound.
15:23 of 1st period - Nathan MacKinnon wins face-off versus Nick Schmaltz in Monarchs zone.
15:40 of 1st period - Snap shot by Nathan MacKinnon.
15:40 of 1st period - Goal by Nathan MacKinnon - Atomiques : 2 - Monarchs : 3.
15:41 of 1st period - Michael Latta wins face-off versus Oscar Sundqvist in neutral zone.
15:44 of 1st period - Oscar Sundqvist is hit by Anthony Mantha and loses puck.
15:51 of 1st period - Snap shot by JT Compher.
15:51 of 1st period - Stopped by Connor Hellebyuk with a rebound.
16:13 of 1st period - Slapshot by Dustin Kohn.
16:13 of 1st period - Shot Blocked by Nathan MacKinnon.
16:29 of 1st period - Wrist shot by Martin Frk.
16:29 of 1st period - Shot Blocked by Dustin Kohn.
16:37 of 1st period - Slapshot by Martin Frk.
16:37 of 1st period - Deflect By Brayden Point.
16:37 of 1st period - Shot Misses the Net.
16:37 of 1st period - Puck is out of play.
16:38 of 1st period - Oscar Sundqvist wins face-off versus Michael Latta in Atomiques zone.
17:09 of 1st period - Backhand shot by Curtis Lazar.
17:09 of 1st period - Shot Misses the Net.
17:21 of 1st period - Wrist shot by Jonathan Huberdeau.
17:21 of 1st period - Stopped by Eric Comrie with a rebound.
17:23 of 1st period - Slapshot by Jordan Schmaltz.
17:23 of 1st period - Deflect By Jonathan Huberdeau.
17:23 of 1st period - Stopped by Eric Comrie with a rebound.
17:25 of 1st period - Snap shot by Oscar Sundqvist.
17:25 of 1st period - Stopped by Eric Comrie without a rebound.
17:26 of 1st period - Nathan MacKinnon wins face-off versus Nick Schmaltz in Monarchs zone.
17:26 of 1st period - Nathan MacKinnon is hit by Travis Sanheim.
18:40 of 1st period - Off-side.
18:41 of 1st period - Brayden Point wins face-off versus Oscar Sundqvist in neutral zone.
18:44 of 1st period - Snap shot by Martin Frk.
18:44 of 1st period - Stopped by Connor Hellebyuk without a rebound.
18:45 of 1st period - Nathan MacKinnon wins face-off versus Oscar Sundqvist in Atomiques zone.
19:14 of 1st period - Snap shot by Anthony Mantha.
19:14 of 1st period - Deflect By JT Compher.
19:14 of 1st period - Stopped by Connor Hellebyuk without a rebound.
19:15 of 1st period - Michael Latta wins face-off versus Michael Chaput in Atomiques zone.
19:16 of 1st period - Backhand shot by Griffin Reinhart.
19:16 of 1st period - Stopped by Connor Hellebyuk without a rebound.
19:17 of 1st period - Nathan MacKinnon wins face-off versus Michael Chaput in Atomiques zone.
19:29 of 1st period - Minor Penalty to Travis Sanheim for Interference.
19:30 of 1st period - Nathan MacKinnon wins face-off versus Oscar Sundqvist in Atomiques zone.
19:40 of 1st period - Slapshot by Nathan MacKinnon.
19:40 of 1st period - Shot Blocked by Dustin Kohn.
19:42 of 1st period - Snap shot by Anthony Mantha.
19:42 of 1st period - Deflect By Dustin Kohn.
19:42 of 1st period - Shot Blocked by Jacob De La Rose.
19:42 of 1st period - Puck is out of play.
19:43 of 1st period - Nathan MacKinnon wins face-off versus Oscar Sundqvist in Atomiques zone.
Goals for this period are 2 for Atomiques vs 3 for Monarchs .
Shots for this period are 17 for Atomiques vs 13 for Monarchs .

2nd period


0:01 of 2nd period - Nathan MacKinnon wins face-off versus Oscar Sundqvist in neutral zone.
0:04 of 2nd period - Slapshot by Nathan MacKinnon.
0:04 of 2nd period - Goal by Nathan MacKinnon - Atomiques : 2 - Monarchs : 4.
0:04 of 2nd period - Thatcher Demko enters game.
0:05 of 2nd period - Nathan MacKinnon wins face-off versus Oscar Sundqvist in neutral zone.
0:07 of 2nd period - Oliver Bjorkstrand is hit by Dustin Kohn and loses puck.
0:30 of 2nd period - Travis Sanheim is hit by Morgan Rielly and loses puck.
1:19 of 2nd period - Griffin Reinhart is hit by Max Friberg and loses puck.
1:42 of 2nd period - Wrist shot by Nathan MacKinnon.
1:42 of 2nd period - Stopped by Thatcher Demko without a rebound.
1:43 of 2nd period - Nick Schmaltz wins face-off versus Michael Latta in Atomiques zone.
1:43 of 2nd period - Nick Schmaltz is hit by Michael Latta.
2:59 of 2nd period - Snap shot by Kerby Rychel.
2:59 of 2nd period - Shot Misses the Net.
3:15 of 2nd period - Wrist shot by Corey Tropp.
3:15 of 2nd period - Deflect By Jonathan Huberdeau.
3:15 of 2nd period - Shot Misses the Net.
3:15 of 2nd period - Puck is out of play.
3:16 of 2nd period - Nathan MacKinnon wins face-off versus Oscar Sundqvist in Monarchs zone.
3:21 of 2nd period - Wrist shot by Jonathan Huberdeau.
3:21 of 2nd period - Shot Misses the Net.
3:27 of 2nd period - Snap shot by Tim Schaller.
3:27 of 2nd period - Shot Blocked by Travis Sanheim.
3:29 of 2nd period - Slapshot by Nathan MacKinnon.
3:29 of 2nd period - Stopped by Thatcher Demko with a rebound.
3:31 of 2nd period - Slapshot by Tim Schaller.
3:31 of 2nd period - Shot Misses the Net.
3:48 of 2nd period - Travis Sanheim is hit by Anthony Mantha.
3:54 of 2nd period - Snap shot by Michael Chaput.
3:54 of 2nd period - Shot Misses the Net.
4:10 of 2nd period - Slapshot by Freddie Hamilton.
4:10 of 2nd period - Stopped by Eric Comrie with a rebound.
4:12 of 2nd period - Slapshot by Colby Cohen.
4:12 of 2nd period - Stopped by Eric Comrie with a rebound.
4:14 of 2nd period - Slapshot by Eric Mestery.
4:14 of 2nd period - Shot Blocked by Brayden Point.
4:24 of 2nd period - Aaron Ekblad is hit by Colby Cohen and loses puck.
4:39 of 2nd period - Backhand shot by Morgan Rielly.
4:39 of 2nd period - Stopped by Thatcher Demko with a rebound.
4:41 of 2nd period - Snap shot by Nathan MacKinnon.
4:41 of 2nd period - Stopped by Thatcher Demko with a rebound.
4:43 of 2nd period - Slapshot by Aaron Ekblad.
4:43 of 2nd period - Shot Misses the Net.
4:45 of 2nd period - Snap shot by Oliver Bjorkstrand.
4:45 of 2nd period - Shot Misses the Net.
4:59 of 2nd period - Wrist shot by JT Compher.
4:59 of 2nd period - Shot Misses the Net.
5:01 of 2nd period - Wrist shot by Mark Pysyk.
5:01 of 2nd period - Stopped by Thatcher Demko with a rebound.
5:03 of 2nd period - Slapshot by Tony DeAngelo.
5:03 of 2nd period - Shot Misses the Net.
5:05 of 2nd period - Snap shot by Michael Latta.
5:05 of 2nd period - Shot Misses the Net.
5:19 of 2nd period - Snap shot by Jonathan Huberdeau.
5:19 of 2nd period - Stopped by Eric Comrie without a rebound.
5:20 of 2nd period - Oscar Sundqvist wins face-off versus Nathan MacKinnon in Monarchs zone.
5:29 of 2nd period - Oscar Sundqvist is hit by Tim Schaller.
5:55 of 2nd period - Slapshot by Dustin Kohn.
5:55 of 2nd period - Deflect By Kerby Rychel.
5:55 of 2nd period - Stopped by Eric Comrie without a rebound.
5:56 of 2nd period - Nick Schmaltz wins face-off versus Michael Latta in Monarchs zone.
5:59 of 2nd period - Snap shot by Kerby Rychel.
5:59 of 2nd period - Deflect By Mark Pysyk.
5:59 of 2nd period - Goal by Kerby Rychel - Atomiques : 3 - Monarchs : 4.
6:00 of 2nd period - Nathan MacKinnon wins face-off versus Oscar Sundqvist in neutral zone.
6:13 of 2nd period - Slapshot by Jonathan Huberdeau.
6:13 of 2nd period - Stopped by Eric Comrie with a rebound.
6:15 of 2nd period - Wrist shot by Oscar Sundqvist.
6:15 of 2nd period - Goal by Oscar Sundqvist - Atomiques : 4 - Monarchs : 4.
6:16 of 2nd period - Michael Latta wins face-off versus Oscar Sundqvist in neutral zone.
6:48 of 2nd period - Slapshot by Dustin Kohn.
6:48 of 2nd period - Stopped by Eric Comrie with a rebound.
7:15 of 2nd period - Wrist shot by Martin Frk.
7:15 of 2nd period - Stopped by Thatcher Demko without a rebound.
7:16 of 2nd period - JT Compher wins face-off versus Oscar Sundqvist in Atomiques zone.
7:43 of 2nd period - Nathan MacKinnon is hit by Kerby Rychel and loses puck.
7:56 of 2nd period - Minor Penalty to Kerby Rychel for Roughing.
7:57 of 2nd period - Nathan MacKinnon wins face-off versus Oscar Sundqvist in Atomiques zone.
8:06 of 2nd period - Snap shot by Anthony Mantha.
8:06 of 2nd period - Shot Blocked by Dustin Kohn.
8:08 of 2nd period - Wrist shot by Nathan MacKinnon.
8:08 of 2nd period - Goal by Nathan MacKinnon - Atomiques : 4 - Monarchs : 5.
8:09 of 2nd period - Brayden Point wins face-off versus Oscar Sundqvist in neutral zone.
8:40 of 2nd period - Travis Sanheim is hit by Tim Schaller and loses puck.
8:49 of 2nd period - Morgan Rielly is hit by Jonathan Huberdeau and loses puck.
9:20 of 2nd period - Nathan MacKinnon is hit by Dustin Kohn and loses puck.
9:37 of 2nd period - Wrist shot by Jonathan Huberdeau.
9:37 of 2nd period - Stopped by Eric Comrie with a rebound.
10:59 of 2nd period - Wrist shot by Nathan MacKinnon.
10:59 of 2nd period - Stopped by Thatcher Demko without a rebound.
11:00 of 2nd period - Nick Schmaltz wins face-off versus Michael Latta in Atomiques zone.
11:00 of 2nd period - Nick Schmaltz is hit by Michael Latta.
11:12 of 2nd period - Backhand shot by Jordan Schmaltz.
11:12 of 2nd period - Deflect By Michael Latta.
11:12 of 2nd period - Goal by Jordan Schmaltz - Atomiques : 5 - Monarchs : 5.
11:13 of 2nd period - Michael Chaput wins face-off versus Michael Latta in neutral zone.
11:15 of 2nd period - Off-side.
11:16 of 2nd period - Michael Chaput wins face-off versus Michael Latta in neutral zone.
11:25 of 2nd period - Slapshot by Griffin Reinhart.
11:25 of 2nd period - Stopped by Thatcher Demko with a rebound.
12:05 of 2nd period - Wrist shot by Nicolas Deslauriers.
12:05 of 2nd period - Stopped by Thatcher Demko without a rebound.
12:06 of 2nd period - Curtis Lazar wins face-off versus Freddie Hamilton in Atomiques zone.
12:17 of 2nd period - Wrist shot by Dalton Smith.
12:17 of 2nd period - Stopped by Eric Comrie with a rebound.
12:24 of 2nd period - Icing by Mark Pysyk.
12:25 of 2nd period - Curtis Lazar wins face-off versus William Nylander in Monarchs zone.
12:25 of 2nd period - Curtis Lazar is hit by Kerby Rychel.
12:48 of 2nd period - Wrist shot by Nicolas Deslauriers.
12:48 of 2nd period - Shot Misses the Net.
13:22 of 2nd period - Wrist shot by Anthony Mantha.
13:22 of 2nd period - Deflect By JT Compher.
13:22 of 2nd period - Shot Misses the Net.
13:22 of 2nd period - Puck is out of play.
13:23 of 2nd period - Brayden Point wins face-off versus Nick Schmaltz in Atomiques zone.
15:15 of 2nd period - Off-side.
15:16 of 2nd period - Brayden Point wins face-off versus Michael Chaput in neutral zone.
15:19 of 2nd period - Slapshot by Martin Frk.
15:19 of 2nd period - Goal by Martin Frk - Atomiques : 5 - Monarchs : 6.
15:20 of 2nd period - Oscar Sundqvist wins face-off versus Brayden Point in neutral zone.
15:32 of 2nd period - Wrist shot by Brendan Lemieux.
15:32 of 2nd period - Shot Misses the Net.
16:10 of 2nd period - Slapshot by Matt Tennyson.
16:10 of 2nd period - Stopped by Eric Comrie with a rebound.
16:12 of 2nd period - Slapshot by Jordan Schmaltz.
16:12 of 2nd period - Stopped by Eric Comrie with a rebound.
16:14 of 2nd period - Snap shot by Matt Tennyson.
16:14 of 2nd period - Stopped by Eric Comrie without a rebound.
16:15 of 2nd period - Brayden Point wins face-off versus Jonathan Huberdeau in Monarchs zone.
16:24 of 2nd period - Slapshot by Brendan Lemieux.
16:24 of 2nd period - Shot Misses the Net.
16:26 of 2nd period - Slapshot by Aaron Ekblad.
16:26 of 2nd period - Stopped by Thatcher Demko without a rebound.
16:27 of 2nd period - Brayden Point wins face-off versus Oscar Sundqvist in Atomiques zone.
16:52 of 2nd period - Dustin Kohn is hit by Nathan MacKinnon and loses puck.
17:43 of 2nd period - Snap shot by Martin Frk.
17:43 of 2nd period - Stopped by Thatcher Demko with a rebound.
17:45 of 2nd period - Slapshot by Jeff Petry.
17:45 of 2nd period - Shot Blocked by Nick Schmaltz.
17:55 of 2nd period - Michael McCarron is hit by Dalton Smith and loses puck.
18:00 of 2nd period - Snap shot by Dalton Smith.
18:00 of 2nd period - Shot Misses the Net.
18:12 of 2nd period - Eric Mestery is hit by Morgan Rielly and loses puck.
18:21 of 2nd period - Snap shot by Curtis Lazar.
18:21 of 2nd period - Stopped by Thatcher Demko with a rebound.
18:23 of 2nd period - Snap shot by Curtis Lazar.
18:23 of 2nd period - Deflect By Michael McCarron.
18:23 of 2nd period - Shot Misses the Net.
18:23 of 2nd period - Puck is out of play.
18:24 of 2nd period - Anthony Mantha wins face-off versus Michael Chaput in Atomiques zone.
18:51 of 2nd period - Jonathan Huberdeau is hit by Martin Frk and loses puck.
18:56 of 2nd period - Wrist shot by Brendan Lemieux.
18:56 of 2nd period - Stopped by Thatcher Demko with a rebound.
18:58 of 2nd period - Slapshot by Martin Frk.
18:58 of 2nd period - Stopped by Thatcher Demko without a rebound.
18:59 of 2nd period - Nathan MacKinnon wins face-off versus Nick Schmaltz in Atomiques zone.
19:00 of 2nd period - Snap shot by Tim Schaller.
19:00 of 2nd period - Stopped by Thatcher Demko without a rebound.
19:01 of 2nd period - Nathan MacKinnon wins face-off versus Nick Schmaltz in Atomiques zone.
19:04 of 2nd period - Snap shot by Tim Schaller.
19:04 of 2nd period - Shot Misses the Net.
19:06 of 2nd period - Minor Penalty to Dustin Kohn for Tripping.
19:07 of 2nd period - Nathan MacKinnon wins face-off versus Oscar Sundqvist in Atomiques zone.
19:08 of 2nd period - Slapshot by Anthony Mantha.
19:08 of 2nd period - Stopped by Thatcher Demko with a rebound.
19:22 of 2nd period - Snap shot by Tony DeAngelo.
19:22 of 2nd period - Deflect By Anthony Mantha.
19:22 of 2nd period - Shot Blocked by Oscar Sundqvist.
19:22 of 2nd period - Puck is out of play.
19:23 of 2nd period - Oscar Sundqvist wins face-off versus Nathan MacKinnon in Atomiques zone.
19:34 of 2nd period - Backhand shot by Nathan MacKinnon.
19:34 of 2nd period - Deflect By JT Compher.
19:34 of 2nd period - Stopped by Thatcher Demko with a rebound.
Goals for this period are 3 for Atomiques vs 3 for Monarchs .
Shots for this period are 14 for Atomiques vs 20 for Monarchs .

3rd period


0:01 of 3rd period - Nathan MacKinnon wins face-off versus Jacob De La Rose in neutral zone.
0:24 of 3rd period - Minor Penalty to Nathan MacKinnon for Cross-checking.
0:25 of 3rd period - Jonathan Huberdeau wins face-off versus Michael Latta in Monarchs zone.
0:34 of 3rd period - Snap shot by Corey Tropp.
0:34 of 3rd period - Goal by Corey Tropp - Atomiques : 6 - Monarchs : 6.
0:35 of 3rd period - Jonathan Huberdeau wins face-off versus Michael Latta in neutral zone.
0:46 of 3rd period - Snap shot by Jonathan Huberdeau.
0:46 of 3rd period - Shot Misses the Net.
1:06 of 3rd period - Penalty to Dustin Kohn is over, Dustin Kohn is back on ice.
2:24 of 3rd period - Penalty to Nathan MacKinnon is over, Nathan MacKinnon is back on ice.
2:50 of 3rd period - Max Friberg is hit by Michael Latta and loses puck.
3:09 of 3rd period - Backhand shot by Dustin Kohn.
3:09 of 3rd period - Stopped by Eric Comrie without a rebound.
3:10 of 3rd period - Nathan MacKinnon wins face-off versus Michael Chaput in Monarchs zone.
4:41 of 3rd period - Snap shot by Nathan MacKinnon.
4:41 of 3rd period - Stopped by Thatcher Demko without a rebound.
4:42 of 3rd period - Nathan MacKinnon wins face-off versus Oscar Sundqvist in Atomiques zone.
4:59 of 3rd period - Wrist shot by Tim Schaller.
4:59 of 3rd period - Shot Misses the Net.
5:32 of 3rd period - Dustin Kohn is hit by Brendan Lemieux and loses puck.
5:50 of 3rd period - Dalton Smith is hit by Martin Frk.
6:40 of 3rd period - Minor Penalty to Dalton Smith for Tripping.
6:41 of 3rd period - Oscar Sundqvist wins face-off versus Nathan MacKinnon in Atomiques zone.
7:18 of 3rd period - Jordan Schmaltz is hit by Anthony Mantha.
7:47 of 3rd period - Snap shot by Jonathan Huberdeau.
7:47 of 3rd period - Shot Blocked by Morgan Rielly.
7:49 of 3rd period - Slapshot by Jordan Schmaltz.
7:49 of 3rd period - Stopped by Eric Comrie with a rebound.
7:51 of 3rd period - Snap shot by Jonathan Huberdeau.
7:51 of 3rd period - Shot Misses the Net.
7:53 of 3rd period - Wrist shot by Nick Schmaltz.
7:53 of 3rd period - Shot Misses the Net.
8:40 of 3rd period - Penalty to Dalton Smith is over, Dalton Smith is back on ice.
9:47 of 3rd period - Wrist shot by Kerby Rychel.
9:47 of 3rd period - Stopped by Eric Comrie without a rebound.
9:48 of 3rd period - Michael Latta wins face-off versus Nick Schmaltz in Monarchs zone.
9:48 of 3rd period - Michael Latta is hit by William Nylander.
10:07 of 3rd period - Icing by Travis Sanheim.
10:08 of 3rd period - Nathan MacKinnon wins face-off versus Oscar Sundqvist in Atomiques zone.
10:09 of 3rd period - Snap shot by Tim Schaller.
10:09 of 3rd period - Stopped by Thatcher Demko without a rebound.
10:10 of 3rd period - Nathan MacKinnon wins face-off versus Oscar Sundqvist in Atomiques zone.
10:19 of 3rd period - Mark Pysyk is hit by Jonathan Huberdeau.
10:27 of 3rd period - Oliver Bjorkstrand is hit by Oscar Sundqvist and loses puck.
10:40 of 3rd period - Michael Latta is hit by William Nylander and loses puck.
11:11 of 3rd period - Snap shot by Mark Pysyk.
11:11 of 3rd period - Deflect By Brayden Point.
11:11 of 3rd period - Stopped by Thatcher Demko with a rebound.
11:29 of 3rd period - Snap shot by Bobby Farnham.
11:29 of 3rd period - Stopped by Eric Comrie without a rebound.
11:30 of 3rd period - Nathan MacKinnon wins face-off versus Freddie Hamilton in Monarchs zone.
11:37 of 3rd period - Matt Tennyson is hit by Tim Schaller and loses puck.
11:56 of 3rd period - Morgan Rielly is hit by Matt Tennyson and loses puck.
12:27 of 3rd period - Brayden Point is hit by William Nylander and loses puck.
13:00 of 3rd period - Minor Penalty to Michael Chaput for Tripping.
13:01 of 3rd period - Nathan MacKinnon wins face-off versus Oscar Sundqvist in Atomiques zone.
14:24 of 3rd period - Aaron Ekblad is hit by Freddie Hamilton and loses puck.
14:59 of 3rd period - Oliver Bjorkstrand is hit by Nick Schmaltz.
15:00 of 3rd period - Penalty to Michael Chaput is over, Michael Chaput is back on ice.
16:14 of 3rd period - Matt Tennyson is hit by Michael Latta and loses puck.
16:39 of 3rd period - Snap shot by Tim Schaller.
16:39 of 3rd period - Stopped by Thatcher Demko with a rebound.
16:41 of 3rd period - Snap shot by Craig Smith.
16:41 of 3rd period - Shot Hit the Post.
16:43 of 3rd period - Wrist shot by Craig Smith.
16:43 of 3rd period - Stopped by Thatcher Demko without a rebound.
16:44 of 3rd period - Brayden Point wins face-off versus Jonathan Huberdeau in Atomiques zone.
16:55 of 3rd period - Snap shot by Martin Frk.
16:55 of 3rd period - Stopped by Thatcher Demko without a rebound.
16:56 of 3rd period - Brayden Point wins face-off versus Oscar Sundqvist in Atomiques zone.
17:23 of 3rd period - Brendan Lemieux is hit by Kerby Rychel and loses puck.
17:42 of 3rd period - Wrist shot by Brendan Lemieux.
17:42 of 3rd period - Stopped by Thatcher Demko with a rebound.
18:00 of 3rd period - Slapshot by Aaron Ekblad.
18:00 of 3rd period - Deflect By Dustin Kohn.
18:00 of 3rd period - Stopped by Thatcher Demko with a rebound.
18:50 of 3rd period - Backhand shot by Martin Frk.
18:50 of 3rd period - Goal by Martin Frk - Atomiques : 6 - Monarchs : 7.
18:51 of 3rd period - Michael Latta wins face-off versus Oscar Sundqvist in neutral zone.
19:02 of 3rd period - Atomiques, Thatcher Demko is pulled from the net.
19:02 of 3rd period - Snap shot by Jonathan Huberdeau.
19:02 of 3rd period - Stopped by Eric Comrie without a rebound.
19:03 of 3rd period - Denis Savard call a timeout for Atomiques.
19:03 of 3rd period - Michael Latta wins face-off versus Oscar Sundqvist in Monarchs zone.
19:34 of 3rd period - Slapshot by Oscar Sundqvist.
19:34 of 3rd period - Shot Blocked by John Draeger.
Goals for this period are 1 for Atomiques vs 1 for Monarchs .
Shots for this period are 6 for Atomiques vs 9 for Monarchs .